 Dungeon Crawl Stone Soup version 0.30.0-29-ga12c61a403 (webtiles) character file.

Game seed: 16862694436968503072

8877 booth the Cleaver (level 11, -2/66 (77) HPs)
             Began as a Gnoll Reaver on June 3, 2023.
             Was a Priest of Hepliaklqana.
             Slain by a six-headed hydra (6 damage)
             ... on level 11 of the Dungeon.
             The game lasted 01:22:05 (11688 turns).

booth the Cleaver (Gnoll Reaver)                   Turns: 11688, Time: 01:22:05

HP:   -2/66 (77)    AC: 28    Str: 15    XL:     11   Next: 37%
MP:   23/23         EV: 14    Int: 13    God:    Hepliaklqana [***...]
Gold: 455           SH:  0    Dex: 11    Spells: 0/26 levels left

rFire   + . .        O - +2 mace (protect)
rCold   . . .        k - orb {light}
rNeg    . . .        m - +0 acid dragon scales
rPois   .            V - +2 helmet
rElec   .            B - +2 cloak
rCorr   +            u - +1 pair of gloves
SInv    .            v - +0 pair of boots
Will    .....        d - amulet of faith
Stlth   +            g - ring of protection from fire
HPRegen 0.31/turn    z - +4 ring of protection
MPRegen 0.18/turn

%: faith
@: about to teleport, under a protective aura, glowing, heavily drained
A: reduced essence, fangs 1, strong nose, distributed training
a: Renounce Religion, Recall Ancestor, Ancestor Identity, Transference


You were on level 11 of the Dungeon.
You worshipped Hepliaklqana.
Hepliaklqana was most pleased with you.
You visited 2 branches of the dungeon, and saw 12 of its levels.
You visited the Abyss 1 time.

You collected 740 gold pieces.
You spent 285 gold pieces at shops.

Inventory:

Hand Weapons
 a - a +2 heavy hand axe
 i - a +1 scythe of venom
 l - a +1 war axe
 n - a +0 lajatang of venom
 D - a +2 trident of venom
 N - a +1 flail of holy wrath
 O - a +2 mace of protection (weapon)
Missiles
 p - 2 silver boomerangs
 r - 8 atropa-tipped darts
 t - 5 boomerangs of dispersal
 w - 8 boomerangs
 y - 16 poisoned darts (quivered)
 H - 2 silver javelins
 J - a throwing net
 S - a curare-tipped dart
Armour
 b - a +0 leather armour
 k - an orb of light (worn)
 m - +0 acid dragon scales (worn)
 q - a +0 kite shield
 u - a +1 pair of gloves (worn)
 v - a +0 pair of boots (worn)
 B - a +2 cloak (worn)
 F - the +1 robe "Coefitir" {Regen+}
   (You bought it in a shop on level 1 of the Dungeon)

   Regen:     It increases your rate of health regeneration.
 V - a +2 helmet (worn)
Jewellery
 d - an amulet of faith (around neck)
 g - a ring of protection from fire (left hand)
 x - a +6 ring of strength
 z - a +4 ring of protection (right hand)
 C - a +6 ring of intelligence
 E - a ring of resist corrosion
 I - a +6 ring of dexterity
 U - an amulet of magic regeneration
Wands
 K - a wand of charming (19)
 L - a wand of flame (26)
 P - a wand of mindburst (6)
Scrolls
 f - 4 scrolls of poison
 h - 3 scrolls of teleportation
 j - 3 scrolls of amnesia
 o - 5 scrolls of magic mapping
 Q - a scroll of blinking
Potions
 c - 2 potions of ambrosia
 e - 5 potions of flight
 s - a potion of resistance
 A - 2 potions of brilliance
 M - a potion of curing
 R - a potion of magic
 T - a potion of berserk rage
Miscellaneous
 G - a lightning rod (4/4)


   Skills:
 + Level 8.0 Fighting
 + Level 6.4 Short Blades
 + Level 6.4 Long Blades
 + Level 9.3 Axes
 + Level 6.4 Maces & Flails
 + Level 6.4 Polearms
 + Level 6.4 Staves
 + Level 6.4 Ranged Weapons
 + Level 6.4 Throwing
 + Level 6.4 Armour
 + Level 8.0 Dodging
 + Level 6.4 Stealth
 + Level 6.4 Shields
 + Level 6.4 Unarmed Combat
 + Level 8.3 Spellcasting
 + Level 7.7 Conjurations
 + Level 5.3 Hexes
 + Level 5.3 Summonings
 + Level 5.3 Necromancy
 + Level 5.3 Translocations
 + Level 5.3 Transmutations
 + Level 5.3 Fire Magic
 + Level 5.3 Ice Magic
 + Level 5.3 Air Magic
 + Level 5.3 Earth Magic
 + Level 5.3 Poison Magic
 + Level 7.1 Invocations
 + Level 6.4 Evocations


You couldn't memorise any spells.
You knew the following spells:

 Your Spells              Type           Power      Damage    Failure   Level
a - Kiss of Death         Conj/Necr      88%        2d12      1%          1
b - Momentum Strike       Conj/Tloc      44%        3d9       1%          2
c - Hailstorm             Conj/Ice       22%        3d7       3%          3
d - Wereblood             Tmut           19%        N/A       3%          2
e - Cigotuvi's Dreadful   Necr/Pois/Air  38%        N/A       3%          2
f - Ignite Poison         Fire/Tmut/Pois 19%        N/A       6%          3
g - Inner Flame           Hex/Fire       19%        N/A       6%          3
h - Volatile Blastmotes   Fire/Tloc      38%        2d13      6%          3
i - Summon Guardian Gole  Hex/Summ       19%        N/A       6%          3
j - Flame Wave            Conj/Fire      22%        2d8       12%         4

Your spell library contained the following spells:

 Spells                   Type           Power      Damage    Failure   Level
 Beastly Appendage        Tmut           38%        N/A       1%          1
 Passwall                 Tmut/Erth      15%        N/A       3%          2
 Sublimation of Blood     Necr           19%        N/A       3%          2
 Dazzling Flash           Conj/Hex       44%        N/A       3%          3
 Spider Form              Tmut/Pois      19%        N/A       6%          3
 Iskenderun's Mystic Bla  Conj/Tloc      22%        2d6       12%         4
 Sticky Flame             Conj/Fire      22%        2d4       12%         4
 Passage of Golubria      Tloc           19%        N/A       19%         4
 Freezing Cloud           Conj/Ice/Air   10%        6-21      36%         5
 Agony                    Necr           19%        N/A       47%         5
 Lee's Rapid Deconstruct  Erth           9%         3d7*      47%         5
 Silence                  Hex/Air        9%         N/A       47%         5
 Iron Shot                Conj/Erth      11%        9d3       88%         6
 Starburst                Conj/Fire      11%        6d5       88%         6
 Malign Gateway           Summ/Tloc      9%         N/A       100%        7
 Summon Hydra             Summ           9%         N/A       100%        7
 Lehudib's Crystal Spear  Conj/Erth      11%        10d4      100%        8
 Dragon's Call            Summ           9%         N/A       100%        9
 Shatter                  Erth           9%         3d11*     100%        9


Dungeon Overview and Level Annotations

Branches:
Dungeon (11/15)            Temple (1/1) D:6             Orc (0/2) D:9
   Lair: D:8-11

Altars:
Ashenzari
Cheibriados
Dithmenos
Elyvilon
Fedhas
Gozag
Hepliaklqana
Kikubaaqudgha
Makhleb
Nemelex Xobeh
Okawaru
Qazlal
Ru
Sif Muna
Trog
Uskayaw
Vehumet
Wu Jian
Xom
Yredelemnul
Zin
The Shining One

Shops:
D:1 [!*

Annotations:
D:6 2 transporters, monsoonserge's ghost, novice OpTm


Innate Abilities, Weirdness & Mutations

Your life essence is reduced to manifest your ancestor. (-10% HP)
You have very sharp teeth.
Your uncanny sense of smell can sniff out nearby items.
Your experience applies equally to all skills.


Message History

The six-headed hydra barely misses you. The six-headed hydra bites you!
* * * LOW HITPOINT WARNING * * *
The six-headed hydra barely misses you.
The six-headed hydra bites you but does no damage.
The six-headed hydra bites you!
* * * LOW HITPOINT WARNING * * *
You feel better.
The six-headed hydra bites you but does no damage.
The six-headed hydra barely misses you.
The six-headed hydra closely misses you.
The six-headed hydra bites you but does no damage. x3
As you read the scroll of teleportation, it crumbles to dust.
You feel strangely unstable.
The six-headed hydra bites you but does no damage.
The six-headed hydra completely misses you.
The six-headed hydra bites you!
* * * LOW HITPOINT WARNING * * *
The six-headed hydra closely misses you.
The six-headed hydra bites you but does no damage.
The six-headed hydra bites you.
* * * LOW HITPOINT WARNING * * *
You feel better.
The six-headed hydra bites you but does no damage. x2
The six-headed hydra barely misses you.
The six-headed hydra bites you but does no damage. x2
The six-headed hydra completely misses you.
You thump the six-headed hydra!
The six-headed hydra is severely wounded.
The six-headed hydra bites you but does no damage. x4
The six-headed hydra closely misses you.
The six-headed hydra bites you but does no damage.
You sock the six-headed hydra!
You bite the six-headed hydra, but do no damage.
The six-headed hydra is almost dead.
The six-headed hydra closely misses you. x2
The six-headed hydra bites you!
* * * LOW HITPOINT WARNING * * *
The six-headed hydra bites you but does no damage.
The six-headed hydra bites you.
You die...

#~### .. ##
##~# # .#.
##~~# # ...
#~~~# # ...
#~~~### #.#
#~#~~## #.#
#~#~~## #D#
#####~~#
#@# #.#
#~~# #.#
#.# #~~#
#.# #.#
#~## #.#
#.###~# #.#
#.##~~# #.#
#.##~~# #.#
..##.#~~###
#.#
#.##.~~~#.#
#.#
#.##..~##..


You could see a six-headed hydra (drained).

Vanquished Creatures
  Erica (D:7)
  Maurice (D:8)
  A gargoyle (D:11)
  Maggie (D:8)
  Sigmund (D:2)
  4 wyverns
  A ynoxinul (D:10)
  A shadow (D:11)
  7 yaks
  3 vampire mosquitoes (D:11)
  A steam dragon (D:8)
  An acid dragon (D:11)
  Duvessa (D:5)
  3 water moccasins
  2 black bears (D:5)
  3 orc warriors
  3 centaurs
  A kobold brigand (D:8)
  Blork the orc (D:4)
  2 bullfrogs
  2 gnoll sergeants
  2 scorpions
  5 wights (D:8)
  Dowan (D:5)
  A vampire bat (D:3)
  2 howler monkeys (D:9)
  2 hounds (D:6)
  3 orc priests
  3 jellies
  An iguana (D:7)
  5 orc wizards
  13 gnolls
  4 adders
  2 shadow imps
  A white imp (D:6)
  3 worms
  4 dart slugs
  27 orcs
  10 ball pythons
  13 bats
  7 endoplasms
  4 giant cockroaches
  4 goblins
  12 hobgoblins
  A jackal (D:1)
  4 quokkas (D:1)
  3 frilled lizards
  16 kobolds
  6 rats
200 creatures vanquished.

Vanquished Creatures (collateral kills)
  The ghost of knightboat the Fighter, a journeyman DrWr of Hepliaklqana (D:10)
  A two-headed ogre (D:10)
  2 komodo dragons (D:10)
  A shadow (D:10)
  A kobold brigand (D:10)
  An orc priest (D:9)
  5 kobolds (D:10)
12 creatures vanquished.

Grand Total: 212 creatures vanquished

Notes
Turn   | Place    | Note
-------+----------+-------------------------------------------
     0 | D:1      | booth the Gnoll Reaver began the quest for the Orb.
     0 | D:1      | Reached XP level 1. HP: 20/20 MP: 6/6
   138 | D:1      | Found Doeqaetu's Antique Armour Shop.
   147 | D:1      | Reached XP level 2. HP: 26/26 MP: 7/7
   350 | D:1      | Reached skill level 5 in Spellcasting
   350 | D:1      | Reached XP level 3. HP: 24/31 MP: 7/9
   372 | D:1      | Learned a level 2 spell: Momentum Strike
   376 | D:1      | Learned a level 3 spell: Hailstorm
   400 | D:1      | Found Pirih's General Store.
   543 | D:1      | Reached skill level 1 in Invocations
   626 | D:1      | Found Lifel's Distillery.
   897 | D:2      | Reached skill level 1 in Short Blades
   897 | D:2      | Reached skill level 1 in Long Blades
   897 | D:2      | Reached skill level 1 in Maces & Flails
   897 | D:2      | Reached skill level 1 in Polearms
   897 | D:2      | Reached skill level 1 in Staves
   897 | D:2      | Reached skill level 1 in Ranged Weapons
   897 | D:2      | Reached skill level 1 in Throwing
   897 | D:2      | Reached skill level 1 in Armour
   897 | D:2      | Reached skill level 1 in Stealth
   897 | D:2      | Reached skill level 1 in Shields
   897 | D:2      | Reached skill level 1 in Unarmed Combat
   897 | D:2      | Reached skill level 1 in Evocations
   900 | D:2      | Learned a level 2 spell: Wereblood
   943 | D:2      | Reached XP level 4. HP: 24/38 MP: 11/11
  1190 | D:2      | Noticed Sigmund
  1206 | D:2      | Killed Sigmund
  1207 | D:2      | Reached skill level 1 in Hexes
  1207 | D:2      | Reached skill level 1 in Summonings
  1207 | D:2      | Reached skill level 1 in Necromancy
  1207 | D:2      | Reached skill level 1 in Translocations
  1207 | D:2      | Reached skill level 1 in Transmutations
  1207 | D:2      | Reached skill level 1 in Fire Magic
  1207 | D:2      | Reached skill level 1 in Ice Magic
  1207 | D:2      | Reached skill level 1 in Air Magic
  1207 | D:2      | Reached skill level 1 in Earth Magic
  1207 | D:2      | Reached skill level 1 in Poison Magic
  1207 | D:2      | Reached XP level 5. HP: 5/43 MP: 8/12
  1207 | D:2      | Reached XP level 6. HP: 6/50 MP: 8/13
  2027 | D:3      | Reached skill level 5 in Fighting
  2027 | D:3      | Reached skill level 5 in Dodging
  2180 | D:3      | Found a shadowy altar of Dithmenos.
  2710 | D:3      | Learned a level 2 spell: Cigotuvi's Dreadful Rot
  2721 | D:3      | Found a faded altar of an unknown god.
  2830 | D:3      | Found a bloodstained altar of Trog.
  2843 | D:3      | Found a hide-covered altar of Uskayaw.
  3128 | D:4      | Found a sparkling altar of Nemelex Xobeh.
  3155 | D:4      | Noticed Blork the orc
  3176 | D:4      | Killed Blork the orc
  3609 | D:4      | Found a burning altar of Makhleb.
  3767 | D:5      | Entered Level 5 of the Dungeon
  3767 | D:5      | Noticed Duvessa
  3771 | D:5      | Noticed Dowan
  3790 | D:4      | Reached XP level 7. HP: 51/55 MP: 15/15
  3817 | D:4      | Reached skill level 7 in Axes
  3947 | D:4      | Learned a level 3 spell: Ignite Poison
  3965 | D:5      | Killed Duvessa
  4117 | D:5      | Killed Dowan
  4647 | D:5      | Reached XP level 8. HP: 30/59 MP: 16/16
  4877 | D:5      | Learned a level 3 spell: Inner Flame
  5391 | D:6      | Learned a level 3 spell: Volatile Blastmotes
  5431 | D:6      | Found a basalt altar of Yredelemnul.
  5436 | D:6      | Noticed a wyvern
  5454 | D:6      | Killed a wyvern
  5858 | D:6      | Found a transporter.
  5865 | D:6      | Found a transporter.
  5871 | D:6      | Identified the +6 spear "Sougg" {vamp, rC- rN++ rCorr
                  | Int-3}
  6184 | D:6      | Noticed monsoonserge's ghost (novice OpTm)
  6295 | D:6      | Found a staircase to the Ecumenical Temple.
  6304 | Temple   | Entered the Ecumenical Temple
  6431 | D:1      | Bought a twisted robe for 165 gold pieces
  6431 | D:1      | Identified the +1 robe "Coefitir" {Regen+} (You bought it
                  | in a shop on level 1 of the Dungeon)
  6453 | D:1      | Bought 2 potions of heal wounds for 120 gold pieces
  6640 | D:7      | Noticed a wyvern
  6842 | D:7      | Reached XP level 9. HP: 56/64 MP: 18/18
  7043 | D:7      | Found a shimmering altar of Xom.
  7103 | Temple   | Became a worshipper of Hepliaklqana the Forgotten
  7595 | D:8      | Noticed Erica
  7607 | D:7      | Reached skill level 8 in Axes
  7639 | D:7      | Killed Erica
  7640 | D:7      | Reached skill level 5 in Invocations
  7689 | D:8      | Found a stormy altar of Qazlal.
  8188 | D:8      | Reached skill level 5 in Short Blades
  8188 | D:8      | Reached skill level 5 in Long Blades
  8188 | D:8      | Reached skill level 5 in Maces & Flails
  8188 | D:8      | Reached skill level 5 in Polearms
  8188 | D:8      | Reached skill level 5 in Staves
  8188 | D:8      | Reached skill level 5 in Ranged Weapons
  8188 | D:8      | Reached skill level 5 in Throwing
  8188 | D:8      | Reached skill level 5 in Armour
  8188 | D:8      | Reached skill level 5 in Stealth
  8188 | D:8      | Reached skill level 5 in Shields
  8188 | D:8      | Reached skill level 5 in Unarmed Combat
  8188 | D:8      | Reached skill level 5 in Evocations
  8188 | D:8      | Reached XP level 10. HP: 21/77 MP: 20/20
  8283 | D:8      | Noticed Maggie
  8302 | Abyss:2  | Cast into level 2 of the Abyss (Maggie)
  8359 | D:8      | Escaped the Abyss
  8369 | D:8      | Killed Maggie
  8576 | D:8      | Noticed Maurice
  8606 | D:8      | Killed Maurice
  8934 | D:9      | HP: 3/79 [yak (3)]
  9214 | D:9      | Reached * piety under Hepliaklqana
  9224 | D:9      | Got the Omnibus of Convocation
  9290 | D:9      | Found a glowing silver altar of Zin.
  9669 | D:9      | Found a staircase to the Orcish Mines.
  9862 | D:10     | Entered Level 10 of the Dungeon
  9883 | D:10     | Learned a level 3 spell: Summon Guardian Golem
  9927 | D:10     | Found an ornate altar of the Wu Jian Council.
  9986 | D:10     | Reached ** piety under Hepliaklqana
  9987 | D:10     | Remembered your ancestor Wigmund as a battlemage
 10092 | D:10     | Noticed a two-headed ogre
 10099 | D:10     | Killed a two-headed ogre
 10100 | D:10     | Reached skill level 9 in Axes
 10111 | D:10     | Reached skill level 5 in Hexes
 10111 | D:10     | Reached skill level 5 in Summonings
 10111 | D:10     | Reached skill level 5 in Necromancy
 10111 | D:10     | Reached skill level 5 in Translocations
 10111 | D:10     | Reached skill level 5 in Transmutations
 10111 | D:10     | Reached skill level 5 in Fire Magic
 10111 | D:10     | Reached skill level 5 in Ice Magic
 10111 | D:10     | Reached skill level 5 in Air Magic
 10111 | D:10     | Reached skill level 5 in Earth Magic
 10111 | D:10     | Reached skill level 5 in Poison Magic
 10111 | D:10     | Reached XP level 11. HP: 43/76 MP: 20/22
 10251 | D:10     | Found a runed translucent door.
 10252 | D:10     | Noticed knightboat's ghost (journeyman DrWr)
 10857 | D:10     | Reached *** piety under Hepliaklqana
 11336 | D:10     | Killed knightboat's ghost
 11339 | D:10     | Got Nuwk's Folio of the Quarry
 11345 | D:10     | Learned a level 4 spell: Flame Wave
 11672 | D:11     | Noticed a six-headed hydra
 11688 | D:11     | Slain by a six-headed hydra

Illustrated notes

Levels and vault maps discovered:
D:1:      wander_arrival_fairy_ring, layout_rooms, serial_shops, shop,
          nicolae_shop_advertising_works [nicolae_subvault_shop_adworks],
          nicolae_shop_rolling_square, minmay_tall_x
D:2:      layout_basic, uniq_sigmund
D:3:      layout_basic, mainiacjoe_overflow_alcove_2,
          mainiacjoe_overflow_big_doors, serial_rivers,
          chequers_serial_rivers_micro_c, chequers_serial_rivers_room_b,
          chequers_serial_rivers_room_b, chequers_serial_rivers_micro_c,
          chequers_serial_rivers_micro_b, chequers_ecumenical_altar_twisty,
          roderic_batcave
D:4:      layout_rooms, nemelex_altar_shiori, lightli_temple_of_fire,
          uniq_blork_the_orc
D:5:      layout_rooms, amcnicky_mini_rare_corridor_liquid, uniq_duvessa
D:6:      layout_cave_pools, yredelemnul_altar_generic,
          minmay_temple_entry_statues_pillars, gammafunk_ghost_gnarly_gnolls
D:7:      layout_cave_pools, mainiacjoe_overflow_24_doors, minivault_10,
          minmay_misc_feat_rows
D:8:      layout_basic, nicolae_qazlal_style_of_elements, uniq_maurice,
          uniq_maggie, uniq_erica
D:9:      layout_cave_pools, zin_academy, orc_0_dummy,
          kennysheep_generic_room_10
D:10:     layout_layer_cave, nicolae_wu_jian_immortal_techniques,
          hellmonk_ghost_big_iron
D:11:     layout_loops_ring, erik_lair_orcish_takeover, serial_rivers,
          chequers_serial_rivers_micro_b, chequers_serial_rivers_large_b,
          chequers_serial_rivers_small_3, chequers_serial_rivers_room_b,
          chequers_serial_rivers_marsh, chequers_serial_rivers_micro_d
Temple:   nicolae_temple_no_exploring_needed

Skill      XL: |  1  2  3  4  5  6  7  8  9 10 11 |
---------------+----------------------------------+-----
Spellcasting   | 5 6 7 8 |  8.3
Invocations    | 1 2 3 4 5 6 7 |  7.1
Short Blades   | 1 2 3 4 5 6 |  6.4
Long Blades    | 1 2 3 4 5 6 |  6.4
Maces & Flails | 1 2 3 4 5 6 |  6.4
Polearms       | 1 2 3 4 5 6 |  6.4
Staves         | 1 2 3 4 5 6 |  6.4
Ranged Weapons | 1 2 3 4 5 6 |  6.4
Throwing       | 1 2 3 4 5 6 |  6.4
Armour         | 1 2 3 4 5 6 |  6.4
Stealth        | 1 2 3 4 5 6 |  6.4
Shields        | 1 2 3 4 5 6 |  6.4
Unarmed Combat | 1 2 3 4 5 6 |  6.4
Evocations     | 1 2 3 4 5 6 |  6.4
Hexes          | 1 2 3 4 5 |  5.3
Summonings     | 1 2 3 4 5 |  5.3
Necromancy     | 1 2 3 4 5 |  5.3
Translocations | 1 2 3 4 5 |  5.3
Transmutations | 1 2 3 4 5 |  5.3
Fire Magic     | 1 2 3 4 5 |  5.3
Ice Magic      | 1 2 3 4 5 |  5.3
Air Magic      | 1 2 3 4 5 |  5.3
Earth Magic    | 1 2 3 4 5 |  5.3
Poison Magic   | 1 2 3 4 5 |  5.3
Fighting       | 5 6 7 8 |  8.0
Dodging        | 5 6 7 8 |  8.0
Axes           | 7 8 9 |  9.3
Conjurations   | 6 7 |  7.7

Action                     |  1- 3 |  4- 6 |  7- 9 | 10-12 || total
---------------------------+-------+-------+-------+-------++-------
  Melee: Hand axe          |   141 |   157 |   335 |    65 ||   698
         Bite              |    10 |    15 |    50 |    26 ||   101
         Punch             |     1 |       |       |       ||     1
         Mace              |       |       |    16 |    77 ||    93
         Flail             |       |       |       |    47 ||    47
  Throw: Dart              |       |       |       |     3 ||     3
   Cast: Kiss of Death     |       |     2 |     5 |     2 ||     9
         Hailstorm         |       |     1 |       |       ||     1
         Wereblood         |       |       |     8 |     5 ||    13
         Momentum Strike   |       |       |     1 |       ||     1
         Volatile Blastmot |       |       |       |     3 ||     3
 Invoke: Ancestor Life: Ba |       |       |       |     1 ||     1
    Use: Scroll            |     3 |     8 |     8 |     3 ||    22
         Potion            |       |     4 |     2 |     7 ||    13
   Stab: Distracted        |       |       |       |     4 ||     4
 Armour: Leather armour    |    33 |    53 |    78 |       ||   164
         Robe              |       |       |    63 |    10 ||    73
         Acid dragon scale |       |       |       |   130 ||   130
         Skin              |       |       |       |     6 ||     6
  Dodge: Dodged            |    81 |   106 |   237 |   177 ||   601
